Get step-by-step instructions on how to execute this build order below. Start the game timer, and the build order will tick by so you can play in parallel with StarCraft on a second screen or mobile device.

Game Time

  0:00

Last Step

  N/A

Next Step

Upcoming Step



Don't want to look back and forth between 2 screens? Try out our Overwolf App, the Spawning Tool Build Advisor to get an in-game overlay with this build!

Complete Build Order

  12  0:00  SCV  
  13  0:13  SCV  
  14  0:17  Supply Depot  
  14  0:25  SCV  
  15  0:38  SCV  
  15  0:40  Barracks  
  16  0:45  Refinery  
  16  0:50  SCV  
  17  1:03  SCV  
  18  1:15  SCV  
  19  1:29  Reaper, Orbital Command  
  20  1:41  Command Center  
  20  1:50  Bunker  
  20  1:55  SCV  
  20  1:59  Supply Depot  
  21  2:05  Barracks Reactor  
  21  2:12  SCV  
  22  2:24  SCV  
  23  2:31  Command Center  
  23  2:38  SCV  
  23  2:43  Marine x2  
  26  2:47  Factory  
  26  2:54  Orbital Command  
  26  2:56  SCV  
  27  3:01  Marine x2  
  29  3:08  Refinery  
  29  3:10  SCV  
  30  3:19  Marine x2  
  30  3:22  SCV  
  30  3:24  SCV  
  34  3:32  Widow Mine  
  36  3:34  SCV  
  36  3:35  Starport  
  36  3:36  SCV  
  38  3:45  Orbital Command  
  38  3:46  SCV  
  38  3:48  Refinery  
  39  3:49  SCV  
  40  3:56  Widow Mine  
  40  3:58  SCV  
  40  4:01  SCV  
  40  4:02  Marine x2  
  46  4:11  SCV  
  46  4:13  SCV  
  46  4:14  Starport Tech Lab  
  48  4:17  Factory Tech Lab  
  48  4:22  SCV  
  48  4:23  SCV  
  48  4:24  Marine x2  
  50  4:30  Supply Depot  
  52  4:31  SCV  
  52  4:34  Raven, SCV  
  52  4:37  Siege Tank  
  59  4:43  Barracks  
  59  4:44  SCV x2  
  59  4:45  Barracks  
  61  4:51  Marine x2  
  63  4:52  Supply Depot  
  63  4:53  Bunker  
  63  4:55  Bunker  
  56  5:15  Marine x2  
  56  5:17  Siege Tank  
  42  5:33  Marine x2, Banshee  
  42  5:35  SCV  
  42  5:36  SCV  
  39  5:50  Marine  
  39  5:54  SCV  
  39  5:55  SCV  
  39  6:07  Siege Tank  
  39  6:08  SCV x2  
  39  6:09  SCV  
  45  6:25  SCV x2  
  45  6:26  SCV  
  45  6:29  Starport Reactor  
  45  6:30  Engineering Bay  
  45  6:32  Engineering Bay, Marine x2  
  51  6:33  Marine  
  51  6:38  SCV x3  
  54  6:50  SCV x3  
  54  6:51  Barracks, Factory Reactor  
  59  6:54  Marine x2, Marauder, Barracks  
  59  6:56  Marine  
  62  7:02  SCV x2  
  62  7:05  SCV  
  58  7:12  Marine  
  58  7:13  Marine  
  58  7:14  SCV, Marine  
  43  7:17  SCV, Marine  
  44  7:29  Marine